 Dungeon Crawl Stone Soup version 0.25-a0-1071-g2607d5cfa1 (webtiles) character file.

Game seed: 11900569686635899846, levelgen mode: deterministic

967 Maedhros the Insei (level 8, -1/51 HPs)
             Began as an Octopode Artificer on May 14, 2020.
             Slain by a black bear (5 damage)
             ... on level 6 of the Dungeon.
             The game lasted 00:09:19 (1813 turns).

Maedhros the Insei (Octopode Artificer)             Turns: 1813, Time: 00:09:20

Health: -1/51      AC:  1    Str: 11    XL:     8   Next: 15%
Magic:  10/10      EV: 14    Int: 13    God:
Gold:   216        SH:  7    Dex: 15    Spells: 7/7 levels left

rFire    . . .     SeeInvis .   q - +2 short sword (drain)
rCold    . . .     Gourm    .   t - +3 buckler
rNeg     . . .     Faith    .   (helmet restricted)
rPois    .         Spirit   .   (no amulet)
rElec    .         Reflect  .   n - ring of wizardry
rCorr    .         Harm     .   (no ring)
MR       .....                  (no ring)
Stlth    ++++......             (no ring)
HPRegen  0.17/turn              (no ring)
MPRegen  0.12/turn              (no ring)
                                (no ring)
                                (no ring)

@: no status effects
A: almost no armour, stealthy swim, amphibious, 8 rings, constrict 8, camouflage
1, gelatinous body 1
a: no special abilities


You were on level 6 of the Dungeon.
You were hungry.

You visited 1 branch of the dungeon, and saw 7 of its levels.

You collected 216 gold pieces.

Inventory:

Hand Weapons
 a - a +0 short sword
 q - a +2 short sword of draining (weapon)
Missiles
 i - 15 poisoned darts (quivered)
Armour
 t - a +3 buckler (worn)
Jewellery
 n - a ring of wizardry (left tentacle)
Wands
 c - a wand of enslavement (6)
 j - a wand of digging (2)
Scrolls
 e - a scroll of amnesia
 g - 4 scrolls of teleportation
 s - 3 scrolls of remove curse
Potions
 h - 2 potions of curing
 k - a potion of mutation {unknown}
 l - 2 potions of brilliance
 m - a potion of might
 o - 2 potions of stabbing {unknown}
 p - a potion of lignification {unknown}
Comestibles
 f - 5 rations


   Skills:
 + Level 2.5 Fighting
 - Level 1.0 Short Blades
 + Level 3.1 Dodging
 - Level 4.0 Stealth
 + Level 2.1 Shields
 * Level 7.4 Unarmed Combat
 - Level 3.2 Evocations


You had 7 spell levels left.
You didn't know any spells.
Your spell library was empty.

Dungeon Overview and Level Annotations

Branches:
Dungeon (7/15)
 Temple: D:4-7

Altars:
Dithmenos
Gozag
Okawaru
Qazlal


Innate Abilities, Weirdness & Mutations

You cannot wear most types of armour.
You are very stealthy in the water. (Stealth+)
You are amphibious.
You can wear up to eight rings at the same time.
You can use your tentacles to constrict eight enemies at once.
Your skin changes colour to match your surroundings (Stealth+).
Your rubbery body absorbs attacks. (AC +1, EV +1)


Message History

Okay, then.
Throwing (i - inventory)
i - 16 poisoned darts (quivered)
Press: ? - help, Shift-Dir - straight line, f/p - black bear
Aim: a black bear (almost dead, berserk)
You throw a poisoned dart.
The poisoned dart closely misses the black bear.
Throwing (i - inventory)
i - 15 poisoned darts (quivered)
Press: ? - help, Shift-Dir - straight line, f/p - black bear
Aim: a black bear (almost dead, berserk)
Okay, then.
Okay, then.
Evoke which item? (* to show all) (? for menu, Esc to quit)
Aiming: Enslavement
Press: ? - help, Shift-Dir - straight line, f/p - black bear
Aim: a black bear (almost dead, berserk, chance to defeat MR: 55%)
The black bear resists with significant effort.
The black bear bites you.
* * * LOW HITPOINT WARNING * * *
The black bear claws you.
You die...

#.# ####.####
#.......#
#.##.##.# #
#.##.. #.....
....##.# ###
############.
<##.##.#
...#....@h..$.Y.
.....#
#.#.#######...:
#<##.. # #...# .
### #. ###.# ..
#...# #.#..##
#....# ###
####.# .#.###..
#######.#
........


You could see a black bear (berserk) and a sky beast.

Vanquished Creatures
  Menkaure (D:5)
  An ice beast (D:5)
  2 ogres
  A necrophage (D:5)
  A jelly (D:7)
  An orc priest (D:4)
  2 bullfrog skeletons
  An iguana (D:4)
  A worker ant (D:4)
  A gnoll (D:5)
  5 adders
  An ooze (D:2)
  An adder zombie (D:5)
  A leopard gecko (D:4)
  3 orcs (D:4)
  A ball python (D:4)
  2 giant cockroaches (D:2)
  2 goblins
  3 jackals (D:4)
  3 quokkas
  2 bats
  6 frilled lizards
  2 kobolds
  A leopard gecko skeleton (D:5)
  2 rats
47 creatures vanquished.

Vanquished Creatures (collateral kills)
  A hippogriff (D:7)
  A black bear (D:7)
  2 bullfrogs (D:6)
  A crimson imp (D:6)
  A hound (D:5)
  An iguana (D:6)
  An adder (D:6)
  2 gnolls (D:5)
10 creatures vanquished.

Vanquished Creatures (others)
  A hound (D:7)
1 creature vanquished.

Grand Total: 58 creatures vanquished

Notes
Turn   | Place    | Note
-------+----------+-------------------------------------------
     0 | D:1      | Maedhros the Octopode Artificer began the quest for the
                  | Orb.
     0 | D:1      | Reached XP level 1. HP: 13/13 MP: 3/3
   132 | D:2      | Reached XP level 2. HP: 15/18 MP: 4/4
   452 | D:3      | Found a stormy altar of Qazlal.
   452 | D:3      | Found a shadowy altar of Dithmenos.
   482 | D:4      | Reached XP level 3. HP: 23/23 MP: 5/5
   500 | D:4      | Reached skill level 1 in Unarmed Combat
   513 | D:4      | Reached skill level 2 in Unarmed Combat
   513 | D:4      | Reached XP level 4. HP: 28/28 MP: 6/6
   537 | D:4      | Reached skill level 3 in Unarmed Combat
   589 | D:4      | Reached XP level 5. HP: 16/33 MP: 7/7
   643 | D:4      | Reached skill level 4 in Unarmed Combat
   908 | D:4      | Noticed an ogre
   984 | D:4      | Killed an ogre
   984 | D:4      | Reached skill level 5 in Unarmed Combat
   984 | D:4      | Reached XP level 6. HP: 22/38 MP: 8/8
   990 | D:5      | Entered Level 5 of the Dungeon
  1053 | D:5      | Noticed an ice beast
  1058 | D:5      | Killed an ice beast
  1058 | D:5      | Reached skill level 6 in Unarmed Combat
  1058 | D:5      | Reached XP level 7. HP: 10/43 MP: 9/9
  1281 | D:5      | Noticed Menkaure
  1290 | D:5      | Killed Menkaure
  1327 | D:5      | Reached skill level 1 in Shields
  1437 | D:5      | Reached skill level 7 in Unarmed Combat
  1561 | D:6      | Found an iron altar of Okawaru.
  1561 | D:6      | Found an opulent altar of Gozag.
  1716 | D:7      | Noticed a hippogriff
  1733 | D:7      | Killed a hippogriff
  1733 | D:7      | Reached XP level 8. HP: 8/51 MP: 10/10
  1813 | D:6      | Slain by a black bear

Illustrated notes

Levels and vault maps discovered:
D:1:      nagdon_arrival_zigzag_paths, layout_loops_ring, minmay_tromino_mix6
D:2:      layout_basic, amethyst_overflow_temple_binary,
          gammafunk_temple_overflow_wave
D:3:      layout_loops_cross, gammafunk_temple_overflow_elements,
          grunt_nemelex_the_gamble, uniq_jessica, uniq_terence, uniq_natasha
D:4:      layout_layer_cave, first_ration
D:5:      layout_gridville, uniq_menkaure
D:6:      layout_loops_cross, overflow_temple_1_default,
          nicolae_gozag_cash_rules_everything_around_me, uniq_eustachio
D:7:      layout_cave_pools, minmay_temple_entry_glassed_door

Skill      XL: |  1  2  3  4  5  6  7 |
---------------+----------------------+-----
Stealth        | 3 4 |  4.0
Unarmed Combat | 2 3 5 6 7 |  7.4
Shields        | 2 |  2.1
Fighting       | 2 |  2.5
Dodging        | 3 |  3.1
Short Blades   | |  1.0
Evocations     | |  3.2

Action                   |  1- 3 |  4- 6 |  7- 9 || total
-------------------------+-------+-------+-------++-------
Melee: Short sword       |    34 |    34 |    28 ||    96
       Tentacles         |     6 |     6 |     7 ||    19
       Constrict         |     6 |     7 |     8 ||    21
       Punch             |       |       |     2 ||     2
Throw: Dart              |       |       |     1 ||     1
Evoke: Wand              |     2 |    17 |    20 ||    39
  Use: Scroll            |       |       |    12 ||    12
       Potion            |       |       |     6 ||     6
 Stab: Sleeping          |     2 |     7 |     2 ||    11
  Eat: Chunk             |       |       |     2 ||     2
Armor: Skin              |     6 |       |     1 ||     7
Dodge: Dodged            |    27 |    15 |    16 ||    58
Block: Buckler           |       |       |     8 ||     8

Table legend:
 A = Non-vault XP
 B = Vault XP
 C = Vault XP percentage of total XP
 D = Non-vault monster count
 E = Vault monster count
 F = Vault count percentage of total count
                 A         B        C        D         E       F
            +---------+---------+-------+---------+---------+-------
      Total |    1210 |     172 |  12.4 |      56 |       1 |   1.8
            +---------+---------+-------+---------+---------+-------
        D:1 |       6 |       0 |   0.0 |       5 |       0 |   0.0
        D:2 |      17 |       0 |   0.0 |       8 |       0 |   0.0
        D:3 |       2 |       0 |   0.0 |       2 |       0 |   0.0
        D:4 |     322 |       0 |   0.0 |      18 |       0 |   0.0
        D:5 |     495 |     172 |  25.8 |      13 |       1 |   7.1
        D:6 |     137 |       0 |   0.0 |       6 |       0 |   0.0
        D:7 |     231 |       0 |   0.0 |       4 |       0 |   0.0
            +---------+---------+-------+---------+---------+-------
